 Dungeon Crawl Stone Soup version 0.27.1-2-g3b301248ec (webtiles) character file.

Game seed: 743863351272991176

45 Borgoz the Skirmisher (level 3, -16/33 HPs)
             Began as a Hill Orc Fighter on Sept 28, 2021.
             Demolished by an ogre (25 damage)
             ... on level 2 of the Dungeon.
             The game lasted 00:01:14 (1136 turns).

Borgoz the Skirmisher (Hill Orc Fighter)            Turns: 1136, Time: 00:01:15

Health: -16/33     AC:  7    Str: 18    XL:     3   Next: 64%
Magic:  3/3        EV:  7    Int:  8    God:
Gold:   71         SH:  9    Dex: 11    Spells: 2/2 levels left

rFire    . . .     SeeInvis .   a - +0 long sword
rCold    . . .     Faith    .   c - +0 kite shield
rNeg     . . .     Spirit   .   b - +0 scale mail
rPois    .         Reflect  .   (no helmet)
rElec    .         Harm     .   (no cloak)
rCorr    .         Rampage  .   (no gloves)
Will     .....                  (no boots)
Stlth    ..........             (no amulet)
HPRegen  0.11/turn              (no ring)
MPRegen  0.08/turn              (no ring)

@: no status effects
A: no striking features
a: no special abilities


You were on level 2 of the Dungeon.
You visited 1 branch of the dungeon, and saw 2 of its levels.

You collected 71 gold pieces.

Inventory:

Hand Weapons
 a - a +0 long sword (weapon)
Armour
 b - a +0 scale mail (worn)
 c - a +0 kite shield (worn)
Scrolls
 e - a scroll of teleportation {unknown}
 h - a scroll of brand weapon {unknown}
 i - a scroll of identify {unknown}
 k - a scroll of torment {unknown}
Potions
 d - a potion of might
 f - a potion of attraction {unknown}
 g - a potion of resistance {unknown}
 j - a potion of curing {unknown}


   Skills:
 * Level 4.1 Fighting
 * Level 2.8 Long Blades
 * Level 3.7 Armour
 + Level 0.8 Dodging
 + Level 3.4 Shields


You had 2 spell levels left.
You didn't know any spells.
Your spell library contained the following spells:

 Spells                   Type           Power      Damage    Failure   Level
 Magic Dart               Conj           0%         1d3       99%         1
 Searing Ray              Conj           0%         3d3       100%        2
 Fulminant Prism          Conj/Hex       0%         3d6       100%        4


Dungeon Overview and Level Annotations

Branches:
Dungeon (2/15)

Altars:

Shops:
D:2 *


Message History

No target in view!
No target in view!
No target in view!
No target in view!
No target in view!
No target in view!
You see here a +0 dagger.
Found an emerald potion.
Found a scroll labelled ETUGUU ATOMMYI.
Found a pair of runed gloves.
Found an escape hatch in the ceiling.
No target in view!
No target in view!
j - an emerald potion
k - a scroll labelled ETUGUU ATOMMYI An ogre comes into view.
It is wielding a +0 giant club.
The ogre shouts!
The ogre moves out of view.
Found a stone staircase leading down.
Okay, then.
Your shield and scale mail prevent you from hitting the ogre.
You block the ogre's attack.
You hit the ogre.
The ogre is lightly wounded.
The ogre closely misses you.
You riposte.
You hit the ogre.
The ogre is lightly wounded.
You barely miss the ogre.
The ogre is lightly wounded.
The ogre hits you with a +0 giant club.
You hit the ogre.
The ogre is moderately wounded.
You block the ogre's attack.
The ogre hits you with a +0 giant club!!
Ouch! That really hurt!
* * * LOW HITPOINT WARNING * * *
You closely miss the ogre.
The ogre is moderately wounded.
The ogre hits you with a +0 giant club!!
Ouch! That really hurt!
You die...

#...#........#.##.....
###...#.................
#.....#.................
#.##..#........#.###...
#.##.##..........#...
.................#.#
.##(...............#
......#.#######...######
####....# #.@O......
........# #....[.....
......... .......######
......#..>..#...<..
#^..... ......#####
#...... ...... #.....#
..##.. .....<. .. ..#


You could see an ogre.

Vanquished Creatures
  2 worms (D:2)
  A dart slug (D:1)
  2 bats (D:1)
  3 endoplasms
  3 giant cockroaches
  A hobgoblin (D:1)
  5 kobolds (D:1)
  3 quokkas (D:1)
  3 ball pythons
  5 frilled lizards (D:1)
  13 rats
41 creatures vanquished.

Notes
Turn   | Place    | Note
-------+----------+-------------------------------------------
     0 | D:1      | Borgoz the Hill Orc Fighter began the quest for the Orb.
     0 | D:1      | Reached XP level 1. HP: 19/19 MP: 1/1
   120 | D:1      | Reached XP level 2. HP: 26/27 MP: 2/2
   386 | D:1      | Found a faded altar of an unknown god.
   471 | D:1      | Reached skill level 4 in Fighting
   471 | D:1      | Reached XP level 3. HP: 33/33 MP: 3/3
   944 | D:2      | Found Yfuf Mor's Assorted Antiques.
  1128 | D:2      | Noticed an ogre
  1136 | D:2      | Demolished by an ogre

Illustrated notes

Levels and vault maps discovered:
D:1:      lemuel_arrival_funnel, layout_basic, chequers_ecumenical_altar_lobes,
          minmay_misc_feat_nine_boxes, chequers_arboretum,
          minmay_misc_feat_diagonals, chequers_garden, minmay_rat_gold_closets
D:2:      layout_rooms, basic_altar, serial_shops, shop,
          amcnicky_mini_pool_small, hangedman_abyss_or_decor_stabs, uniq_sigmund

Skill      XL: |  1  2 |
---------------+-------+-----
Fighting       | 4 |  4.1
Long Blades    | |  2.8
Armour         | |  3.7
Dodging        | |  0.8
Shields        | |  3.4

Action                   || total
-------------------------++-------
Melee: Long sword        ||   108
Armor: Scale mail        ||    52
Dodge: Dodged            ||    38
Block: Kite shield       ||    63
       Rpst.: Long sword ||    12
